 Dungeon Crawl Stone Soup version 0.28-a0-909-g796cbd3a86 (webtiles) character file.

Game seed: 7872089290834885327

126 Froggeryz the Cudgeller (level 5, 0/30 HPs)
             Began as a Gargoyle Enchanter on Nov 24, 2021.
             Killed by nerve-wracking pain
             ... invoked by a shadow imp
             ... summoned by Natasha
              (3 damage)
             ... on level 3 of the Dungeon.
             The game lasted 00:02:57 (3294 turns).

Froggeryz the Cudgeller (Gargoyle Enchanter)        Turns: 3294, Time: 00:02:57

Health: 0/30       AC: 12    Str: 13    XL:     5   Next: 9%
Magic:  8/8        EV:  9    Int: 15    God:
Gold:   111        SH:  0    Dex: 10    Spells: 8/8 levels left

rFire   . . .      SeeInvis .   a - +1 dagger
rCold   . . .      Faith    .   (no shield)
rNeg    + + .      Spirit   .   e - +0 scale mail
rPois   ∞          Reflect  .   i - +0 helmet
rElec   +          Harm     .   (no cloak)
rCorr   .          Rampage  .   p - +0 pair of gloves
Will    .....                   (no boots)
Stlth   +.........              (no amulet)
HPRegen 0.10/turn               m - ring of positive energy
MPRegen 0.11/turn               (no ring)

@: no status effects
A: sickness immunity, AC +4, negative energy resistance 1, electricity
resistance, torment resistance 1, petrification resistance
a: no special abilities


You were on level 3 of the Dungeon.
You visited 1 branch of the dungeon, and saw 3 of its levels.

You collected 111 gold pieces.

Inventory:

Hand Weapons
 a - a +1 dagger (weapon)
 d - a +0 club
Missiles
 k - 2 boomerangs
 n - 10 poisoned darts (quivered)
Armour
 e - a +0 scale mail (worn)
 g - a +0 buckler
 i - a +0 helmet (worn)
 p - a +0 pair of gloves (worn)
Jewellery
 m - a ring of positive energy (left hand)
Scrolls
 b - a scroll of noise {unknown}
 f - a scroll of acquirement {unknown}
 j - a scroll of magic mapping {unknown}
 o - 2 scrolls of vulnerability {unknown}
 q - a scroll of brand weapon {unknown}
Potions
 c - a potion of invisibility
 h - 2 potions of curing
 l - 2 potions of lignification {unknown}


   Skills:
 + Level 1.8 Fighting
 - Level 1.0 Short Blades
 * Level 3.4 Maces & Flails
 - Level 2.0 Armour
 - Level 1.5 Dodging
 - Level 3.2 Stealth
 - Level 2.0 Spellcasting
 - Level 2.6 Hexes


You had 8 spell levels left.
You didn't know any spells.
Your spell library contained the following spells:

 Spells                   Type           Power      Damage    Failure   Level
 Ensorcelled Hibernation  Hex/Ice        10%        N/A       65%         2
 Sandblast                Erth           2%         2d4       71%         1
 Confusing Touch          Hex            9%         N/A       71%         3
 Tukima's Dance           Hex            9%         N/A       71%         3
 Passwall                 Tmut/Erth      0%         N/A       83%         2
 Dazzling Flash           Conj/Hex       10%        N/A       87%         3
 Stone Arrow              Conj/Erth      2%         3d7       97%         3
 Animate Armour           Summ/Erth      2%         N/A       100%        4
 Blade Hands              Tmut           0%         N/A       100%        5
 Iron Shot                Conj/Erth      0%         9d1       100%        6


Dungeon Overview and Level Annotations

Branches:
Dungeon (3/15)

Altars:
Qazlal

Annotations:
D:3 2 runed translucent doors, Natasha


Innate Abilities, Weirdness & Mutations

You are immune to sickness and miasma.
Your stone body is resilient. (AC +4)
You are immune to poison.
You resist negative energy. (rN+)
You are resistant to electric shocks. (rElec)
You are resistant to unholy torment.
You are immune to petrification.


Message History

* * * LOW HITPOINT WARNING * * *
You closely miss Natasha.
Natasha is severely wounded.
Natasha claws you but does no damage.
You closely miss Natasha.
Natasha is severely wounded.
Natasha casts a spell at you. You resist with some effort.
You hit Natasha.
Natasha is almost dead.
Natasha casts a spell.
You miss Natasha.
Natasha is almost dead.
Natasha mumbles some strange words.
You closely miss Natasha.
Natasha is almost dead.
Natasha closely misses you.
The shadow imp hits you but does no damage.
You hit Natasha.
Natasha is almost dead.
The shadow imp hits you but does no damage.
Natasha casts a spell.
The shadow imp puffs mist at you.
The shadow imp hits you but does no damage.
You completely miss Natasha.
Natasha is almost dead.
The shadow imp hits you but does no damage.
Natasha claws you!
* * * LOW HITPOINT WARNING * * *
You closely miss Natasha.
Natasha is almost dead.
The shadow imp barely misses you.
The shadow imp hits you but does no damage.
Natasha claws you but does no damage.
You hit Natasha.
Natasha is almost dead.
The shadow imp grins evilly.
The shadow imp gestures at you. Pain shoots through your body!
You die...

###.#....<#.........##
#...........)........#
##...#####......#.P..##
..............###....#
....####...#### #._.##
..#.####..#### #...#
....#........# ##.P†######
.............# #.........#
.............# #@5.......#
....#........###h5.......#
................5........#
..#...........((.....†...#
#.#........#####.........#
...........# #.........#
#.#........# #......(..#
......... #.........#
......<.. #.........#


You could see Natasha, a crimson imp (summoned) and 2 shadow imps.

Vanquished Creatures
  Natasha (twice) (D:3)
  2 adders
  A dart slug (D:2)
  2 bats (D:2)
  6 endoplasms
  3 giant cockroaches
  6 goblins
  6 hobgoblins
  7 jackals (D:2)
  5 kobolds
  2 quokkas
  2 ball pythons
  2 frilled lizards (D:2)
  4 rats
50 creatures vanquished.

Notes
Turn   | Place    | Note
-------+----------+-------------------------------------------
     0 | D:1      | Froggeryz the Gargoyle Enchanter began the quest for the
                  | Orb.
     0 | D:1      | Reached XP level 1. HP: 10/10 MP: 3/3
   302 | D:1      | Reached skill level 1 in Short Blades
   302 | D:1      | Reached skill level 1 in Armour
   549 | D:1      | Reached XP level 2. HP: 15/15 MP: 5/5
   628 | D:1      | Found a faded altar of an unknown god.
  1125 | D:2      | Reached skill level 1 in Maces & Flails
  1285 | D:2      | Reached XP level 3. HP: 19/19 MP: 6/6
  2172 | D:2      | Found a stormy altar of Qazlal.
  2592 | D:3      | Reached XP level 4. HP: 24/24 MP: 7/7
  2744 | D:3      | Reached skill level 1 in Fighting
  2849 | D:3      | Noticed Natasha
  2870 | D:3      | Killed Natasha
  3042 | D:3      | Found a large runed translucent door.
  3042 | D:3      | Found a large runed translucent door.
  3112 | D:3      | Found a stormy altar of Qazlal.
  3165 | D:3      | Noticed Natasha
  3179 | D:3      | Killed Natasha
  3180 | D:3      | Reached XP level 5. HP: 11/30 MP: 8/8
  3274 | D:3      | Noticed Natasha
  3294 | D:3      | Killed from afar by a shadow imp

Illustrated notes

Levels and vault maps discovered:
D:1:      kennysheep_arrival_seaside, layout_loops_cross,
          ebering_ecumenical_altar_mist
D:2:      layout_loops_ring, basic_altar, kennysheep_nub
D:3:      layout_rooms, mainiacjoe_overflow_tiny_flanked, serial_shops, shop,
          ebering_ghost_disaster_area, kennysheep_decorative_pillar,
          uniq_natasha

Skill      XL: |  1  2  3  4 |
---------------+-------------+-----
Short Blades   | 1 |  1.0
Armour         | 1 2 |  2.0
Maces & Flails | 1 2 3 |  3.4
Fighting       | 1 |  1.8
Dodging        | |  1.5
Stealth        | |  3.2
Spellcasting   | |  2.0
Hexes          | |  2.6

Action                   |  1- 3 |  4- 6 || total
-------------------------+-------+-------++-------
Melee: Dagger            |   205 |   110 ||   315
Throw: Dart              |       |     6 ||     6
  Use: Potion            |       |     2 ||     2
Armor: Robe              |     2 |       ||     2
       Scale mail        |   115 |    62 ||   177
Dodge: Dodged            |    96 |    39 ||   135

Table legend: (Time is in decaauts)
 A = Elapsed time spent in this place.
 B = Non-inter-level travel time spent in this place.
 C = Inter-level travel time spent in this place.
 D = Time resting spent in this place.
 E = Time spent auto-exploring this place.
 F = Levels seen in this place.
 G = Mean time per level.
                   A        B        C        D        E       F      G
               +--------+--------+--------+--------+--------+-----+--------+
         Total |   3287 |   3087 |    200 |    822 |   1714 |   3 | 1095.7 |
       Dungeon |   3287 |   3087 |    200 |    822 |   1714 |   3 | 1095.7 |
               +--------+--------+--------+--------+--------+-----+--------+

Top non-repeatable levels by time:
     D:2: 1620 daAuts
     D:1: 1101 daAuts
     D:3: 565 daAuts
